 Dungeon Crawl Stone Soup version 0.30-b1-2-g02819fbbbe (webtiles) character file.

Game seed: 3509300918428154948

53 nai the Firebug (level 3, -5/19 HPs)
             Began as a Deep Elf Fire Elementalist on Dec 27, 2023.
             Slain by Natasha (8 damage)
             ... on level 2 of the Dungeon.
             The game lasted 00:03:01 (1406 turns).

nai the Firebug (Deep Elf Fire Elementalist)        Turns: 1406, Time: 00:03:04

Health: -5/19      AC:  2    Str:  5    XL:     3   Next: 64%
Magic:  16/19      EV: 12    Int: 21    God:
Gold:   5          SH:  0    Dex: 15    Spells: 9/10 levels left

rFire   . . .        n - +2 dagger (speed)
rCold   . . .        (no shield)
rNeg    . . .        a - +0 robe
rPois   .            (no helmet)
rElec   .            (no cloak)
rCorr   .            (no gloves)
SInv    .            (no boots)
Will    +....        (no amulet)
Stlth   ++           g - ring of magical power
HPRegen 0.23/turn    i - ring of willpower
MPRegen 0.16/turn

%: no passive effects
@: studying Staves
A: no striking features
a: no special abilities


You were on level 2 of the Dungeon.
You visited 1 branch of the dungeon, and saw 2 of its levels.

You collected 5 gold pieces.

Inventory:

Hand Weapons
 n - a +2 dagger of speed (weapon)
Armour
 a - a +0 robe (worn)
Jewellery
 g - a ring of magical power (left hand)
 i - a ring of willpower (right hand)
Scrolls
 c - 3 scrolls of teleportation {unknown}
 d - a scroll of fear {unknown}
 f - a scroll of torment {unknown}
 h - a scroll of identify {unknown}
 j - a scroll of blinking {unknown}
 k - a scroll of noise {unknown}
 l - a scroll of enchant weapon {unknown}
Potions
 b - a potion of magic
 e - 4 potions of might {unknown}
 m - a potion of attraction {unknown}


   Skills:
 - Level 2.4 Dodging
 - Level 2.4 Stealth
 + Level 4.0 Spellcasting
 + Level 2.4 Conjurations
 + Level 4.0 Fire Magic


You had 9 spell levels left.
You knew the following spells:

 Your Spells              Type           Power      Damage    Failure   Level
a - Foxfire               Conj/Fire      68%        2x1d7     3%          1

Your spell library contained the following spells:

 Spells                   Type           Power      Damage    Failure   Level
 Scorch                   Fire           42%        2d7       3%          2
 Inner Flame              Hex/Fire       12%        N/A       16%         3
 Volatile Blastmotes      Fire/Tloc      24%        2d12      16%         3
 Flame Wave               Conj/Fire      17%        2d7       32%         4


Dungeon Overview and Level Annotations

Branches:
Dungeon (2/15)

Altars:

Annotations:
D:2 Natasha


Message History

You conjure some foxfire!
Your foxfire dissipates!
Your foxfire dissipates!
Natasha, Servant of Life and Death comes into view.
Natasha stares at you and mumbles some strange words.
The magic dart hits you.
Casting: Foxfire (safe; 3% risk of failure)
Confirm with . or Enter, or press ? or * to list all spells.
You conjure some foxfire!
Natasha extends her claws.
The foxfire hits Natasha but does no damage.
The foxfire hits Natasha.
Natasha is lightly wounded.
Casting: Foxfire (safe; 3% risk of failure)
Confirm with . or Enter, or press ? or * to list all spells.
You conjure some foxfire!
The foxfire hits Natasha.
Natasha is moderately wounded.
The foxfire hits Natasha.
Natasha is severely wounded.
Casting: Foxfire (safe; 3% risk of failure)
Confirm with . or Enter, or press ? or * to list all spells.
You conjure some foxfire!
Natasha mumbles some strange words.
Your foxfire dissipates!
The foxfire hits Natasha.
Natasha is almost dead.
Natasha attacks as you move away! Natasha claws you.
Natasha hisses.
Natasha claws you but does no damage. Natasha attacks as you move away!
Natasha claws you!
Natasha mumbles some strange words.
You feel disoriented.
Casting: Foxfire (safe; 3% risk of failure)
Confirm with . or Enter, or press ? or * to list all spells.
You conjure some foxfire!
The cerulean imp hits you from afar with a +1 spear.
* * * LOW HITPOINT WARNING * * *
Natasha claws you!
You die...

.......##########...........# #..
.......##.......#...........# #..
.......##...................###..
>...........................##)..
.......###............########...
.......# ##...........# #...
.......# #...........# #...
.......####.....v.)...########...
#..............v@................
##.....#########.h.............#.
#.####.###########5###########...
.......#.......###....# #...
.................#.##.# #...
.................#.##.## #...
.................#.##.5#######...
........######.....##...........#
.....†..# #...####...........#


You could see Natasha (ally target) and a cerulean imp (summoned).

Vanquished Creatures
  Natasha (D:2)
  6 ball pythons (D:1)
  3 goblins
  6 hobgoblins
  2 kobolds (D:1)
  A quokka (D:1)
  3 bats
  3 rats
25 creatures vanquished.

Vanquished Creatures (others)
  75 foxfires
75 creatures vanquished.

Grand Total: 100 creatures vanquished

Notes
Turn   | Place    | Note
-------+----------+-------------------------------------------
     0 | D:1      | nai the Deep Elf Fire Elementalist began the quest for the
                  | Orb.
     0 | D:1      | Reached XP level 1. HP: 10/10 MP: 6/6
   199 | D:1      | Found a faded altar of an unknown god.
   292 | D:1      | Reached XP level 2. HP: 15/15 MP: 5/8
  1064 | D:2      | Noticed Natasha
  1068 | D:2      | Killed Natasha
  1069 | D:2      | Reached XP level 3. HP: 19/19 MP: 6/10
  1395 | D:2      | Noticed Natasha
  1406 | D:2      | Slain by Natasha

Illustrated notes

Levels and vault maps discovered:
D:1:      wander_arrival_abandoned_jail, layout_basic,
          hellmonk_ecumenical_altar_pennies_from_heaven
D:2:      layout_basic, uniq_natasha

Skill      XL: |  1  2 |
---------------+-------+-----
Conjurations   | 2 |  2.4
Spellcasting   | 4 |  4.0
Fire Magic     | 4 |  4.0
Dodging        | |  2.4
Stealth        | |  2.4

Action                     || total
---------------------------++-------
   Cast: Foxfire           ||    47
 Armour: Robe              ||     1
  Dodge: Dodged            ||     9
